 Dungeon Crawl Stone Soup version 0.27-a0-1147-gb3d8e82 (webtiles) character file.

Game seed: 10485862824660981712

25 Meow the Stinger (level 3, 16/28 HPs)
             Began as a Naga Venom Mage on May 11, 2021.
             Quit the game on level 1 of the Dungeon.
             The game lasted 00:02:02 (321 turns).

Meow the Stinger (Naga Venom Mage)                   Turns: 321, Time: 00:02:03

Health: 16/28      AC:  2    Str: 10    XL:     3   Next: 6%
Magic:  4/6        EV:  9    Int: 16    God:
Gold:   0          SH:  0    Dex: 11    Spells: 5/6 levels left

rFire    . . .     SeeInvis +   a - +0 dagger
rCold    . . .     Faith    .   (no shield)
rNeg     . . .     Spirit   .   b - +0 robe
rPois    +         Reflect  .   (no helmet)
rElec    .         Harm     .   (no cloak)
rCorr    .         Rampage  .   (no gloves)
Will     .....                  (no barding)
Stlth    ++........             (no amulet)
HPRegen  0.09/turn              (no ring)
MPRegen  0.10/turn              (no ring)

@: short of breath, very slow
A: AC +1, large, see invisible, deformed body, poison resistance, slowness 2,
spit poison 1, naga tail 1
a: Spit Poison


You were on level 1 of the Dungeon.
You visited 1 branch of the dungeon, and saw 1 of its levels.

Inventory:

Hand Weapons
 a - a +0 dagger (weapon)
Missiles
 c - 2 throwing nets
Armour
 b - a +0 robe (worn)


   Skills:
 - Level 1.5 Dodging
 + Level 3.9 Stealth
 + Level 2.4 Spellcasting
 - Level 1.0 Transmutations
 + Level 4.5 Poison Magic


You had 5 spell levels left.
You knew the following spells:

 Your Spells              Type           Power      Damage    Failure   Level
a - Sting                 Tmut/Pois      40%        1d5       6%          1

Your spell library contained the following spells:

 Spells                   Type           Power      Damage    Failure   Level
 Poisonous Vapours        Pois/Air       18%        N/A       12%         2
 Ignite Poison            Fire/Tmut/Pois 7%         N/A       28%         3
 Olgreb's Toxic Radiance  Pois           16%        N/A       30%         4
 Mephitic Cloud           Conj/Pois/Air  6%         N/A       32%         3


Dungeon Overview and Level Annotations

Branches:
Dungeon (1/15)

Altars:

Shops:
D:1 *


Innate Abilities, Weirdness & Mutations

Your serpentine skin is tough. (AC +1)
You have supernaturally acute eyesight. (SInv)
Armour fits poorly on your strangely shaped body.
Your system is resistant to poisons. (rPois)
You cover ground very slowly.
You can spit poison.
You have a snake-like lower body.


Message History

Press: ? - help, Shift-Dir - straight line, f - ball python
Aim: a ball python (wandering, hasn't noticed you)
The splash of poison misses the ball python.
You have got your breath back.
A hobgoblin comes into view. It is wielding a +0 morningstar.
The hobgoblin shouts!
Things that are here:
a +0 spear; a gnoll corpse
Press: ? - help, Shift-Dir - straight line, f/p - ball python
Aim: a ball python (wandering, hasn't noticed you)
The splash of poison hits the ball python!
The ball python is poisoned.
You kill the ball python!
You have reached level 3!
Your experience leads to an increase in your attributes!
Increase (S)trength, (I)ntelligence, or (D)exterity?
You feel clever.
Your skin feels tougher.
Casting: Sting (safe; 6% risk of failure)
Confirm with . or Enter, or press ? or * to list all spells.
Aiming: Sting (safe; 6% risk of failure)
Press: ? - help, Shift-Dir - straight line, f - hobgoblin
Aim: a hobgoblin, wielding a +0 morningstar (71% to hit)
The sting hits the hobgoblin.
The hobgoblin is poisoned.
The hobgoblin is moderately wounded.
The hobgoblin barely misses you.
Unknown command.
Casting: Sting (safe; 6% risk of failure)
Confirm with . or Enter, or press ? or * to list all spells.
Aiming: Sting (safe; 6% risk of failure)
Press: ? - help, Shift-Dir - straight line, f/p - hobgoblin
Aim: a hobgoblin, wielding a +0 morningstar (severely wounded, poisoned, 71% to hit)
The sting hits the hobgoblin but does no damage.
The hobgoblin looks even sicker.
The hobgoblin is severely wounded.
You kill the hobgoblin!
Unknown command.
Unknown command.
Unknown command.
Unknown command.
Are you sure you want to abandon this character and quit the game? (Confirm with "yes".)

...§.....≈...............#
...≈≈≈§≈§§..###..........#
............# #.##########
#.#..##.....# #.#####
#)..###.##### #.....#
......... #.....####
.........# ##.......#
.........# ####).....#
......... #..@......#
.).............).........
.......................##
.....##.#..........#####
..$..# .#......#####
...... ...... ......
......


There were no monsters in sight!

Vanquished Creatures
  A gnoll (D:1)
  A dart slug (D:1)
  A ball python (D:1)
  2 goblins (D:1)
  3 hobgoblins (D:1)
  2 quokkas (D:1)
  A bat (D:1)
  A kobold (D:1)
12 creatures vanquished.

Notes
Turn   | Place    | Note
-------+----------+-------------------------------------------
     0 | D:1      | Meow the Naga Venom Mage began the quest for the Orb.
     0 | D:1      | Reached XP level 1. HP: 15/15 MP: 3/3
    21 | D:1      | Found Vigonokk's Assorted Antiques.
   212 | D:1      | Reached XP level 2. HP: 22/22 MP: 3/5
   319 | D:1      | Reached XP level 3. HP: 16/28 MP: 6/6
   321 | D:1      | Quit the game

Illustrated notes

Levels and vault maps discovered:
D:1:      ebering_hopf_link, layout_basic, serial_shops,
          nicolae_shop_competitors_out_of_business, hangedman_feature_mirror

Action                   || total
-------------------------++-------
 Cast: Sting             ||    12
 Abil: Spit Poison       ||    12
Dodge: Dodged            ||     4

Table legend: (Time is in decaauts)
 A = Elapsed time spent in this place.
 B = Non-inter-level travel time spent in this place.
 C = Inter-level travel time spent in this place.
 D = Time resting spent in this place.
 E = Time spent auto-exploring this place.
 F = Levels seen in this place.
 G = Mean time per level.
                   A        B        C        D        E       F      G
               +--------+--------+--------+--------+--------+-----+--------+
         Total |    384 |    384 |      0 |    133 |    122 |   1 |  384.0 |
       Dungeon |    384 |    384 |      0 |    133 |    122 |   1 |  384.0 |
               +--------+--------+--------+--------+--------+-----+--------+

Top non-repeatable levels by time:
     D:1: 384 daAuts
